 Dungeon Sprint DCSS version 0.27-a0-637-g3a9f0a9c12 (webtiles) character file.

Game seed: 17413014327884719563

1735 mhtbhm the Blocker (level 9, -4/91 HPs)
             Began as a Gargoyle Fighter on Mar 14, 2021.
             Was a High Priest of Trog.
             Slain by an ice devil (12 damage)
             ... in the Dungeon (Sprint VII: "The Pits").
             The game lasted 00:02:06 (743 turns).

mhtbhm the Blocker (Gargoyle Fighter)                Turns: 743, Time: 00:02:06

Health: -4/91      AC: 23    Str: 26    XL:     9   Next: 5%
Magic:  9/9        EV: 10    Int:  9    God:    Trog [*****.]
Gold:   0          SH: 13    Dex: 12    Spells: 8/8 levels left

rFire    . . .     SeeInvis .   a - +2 war axe (vorpal)
rCold    . . .     Faith    .   c - +0 kite shield
rNeg     + . .     Spirit   .   b - +4 chain mail
rPois    ∞         Reflect  .   (no helmet)
rElec    +         Harm     .   (no cloak)
rCorr    .         Rampage  .   q - +0 pair of gloves
Will     .....     NoTele   +   (no boots)
Stlth    ..........             (no amulet)
HPRegen  0.25/turn              m - +3 ring of dexterity
MPRegen  0.11/turn              n - +3 ring of strength

@: berserking (expiring), very quick
A: AC +6, negative energy resistance 1, electricity resistance, torment
resistance 1, unbreathing 1, petrification resistance
a: Renounce Religion, Berserk, Trog's Hand, Brothers in Arms


You were in the Dungeon.
You worshipped Trog.
Trog was extremely pleased with you.
You visited 1 branch

Inventory:

Hand Weapons
 a - a +2 vorpal war axe (weapon)
Armour
 b - a +4 chain mail (worn)
 c - a +0 kite shield (worn)
 q - a +0 pair of gloves (worn)
Jewellery
 m - a +3 ring of dexterity (right hand)
 n - a +3 ring of strength (left hand)
Scrolls
 j - a scroll of blinking
 l - a scroll of summoning
Potions
 d - a potion of might
 e - 7 potions of curing
 f - 4 potions of heal wounds
 g - 2 potions of haste
 h - 4 potions of magic
 i - 3 potions of berserk rage
 k - 2 potions of invisibility
 o - a potion of resistance
 p - 2 potions of mutation


   Skills:
 + Level 9.4 Fighting
 + Level 9.0 Axes
 + Level 10.1 Armour
 + Level 4.5 Dodging
 + Level 2.0 Stealth
 + Level 12.3 Shields


You had 8 spell levels left.
You didn't know any spells.
Your spell library was empty.

Dungeon Overview and Level Annotations

Branches:
Dungeon (1/1)

Altars:
Ashenzari
Cheibriados
Dithmenos
Elyvilon
Fedhas
Gozag
Hepliaklqana
Kikubaaqudgha
Makhleb
Nemelex Xobeh
Okawaru
Qazlal
Ru
Sif Muna
Trog
Uskayaw
Vehumet
Wu Jian
Xom
Yredelemnul
Zin
The Shining One
Beogh
Jiyva
Lugonu


Innate Abilities, Weirdness & Mutations

Your stone body is resilient. (AC +6)
You are immune to poison.
You resist negative energy. (rN+)
You are resistant to electric shocks. (rElec)
You are resistant to unholy torment.
You can survive without breathing.
You are immune to petrification.


Message History

You are covered in liquid flames!
The ice devil hits you.
* * * LOW HITPOINT WARNING * * *
The ice devil freezes you!
* * * LOW HITPOINT WARNING * * *
You block the dream sheep's attack.
Your Axes skill increases to level 9!
Your Armour skill increases to level 10!
Your Stealth skill increases to level 2!
Your Shields skill increases to level 12!
You have reached level 9!
Your experience leads to an increase in your attributes!
Your base attributes are Str 22, Int 9, Dex 9.
Increase (S)trength, (I)ntelligence, or (D)exterity?
You feel stronger.
Unknown command.
You hit the guardian mummy.
The guardian mummy is lightly damaged.
You barely miss the dream sheep. x2; You closely miss the ice devil.
You are covered in liquid flames!
The dream sheep bites you but does no damage.
You barely miss the guardian mummy.
The guardian mummy is lightly damaged.
You slice the dream sheep!! You hit the dream sheep.
You closely miss the ice devil.
The ice devil hits you but does no damage.
Something unseen opens the door.
The dream sheep bites you.
* * * LOW HITPOINT WARNING * * *
You block the guardian mummy's attack.
You slice the guardian mummy!!
The guardian mummy is severely damaged.
You slash the dream sheep!
You kill the dream sheep!
Trog accepts your kill.
You hit the dream sheep. You hit the ice devil.
A phantasmal warrior comes into view.
The ice devil hits you.
* * * LOW HITPOINT WARNING * * *
The ice devil freezes you!
You die...

....'................+
#####......#..#......#
.'.##................#
.#.#####'#####''######
##.##.......##''#
.#†##.......##..##
.†.##.......##...##
#####...<...###..Y##+##.
)).##.......# ##@†.YY.YY
)[[##.......# #4M###W###
#####.......##..##
#..###########..
#.############..
#.#....#..[[###.
#÷#....#..[.# ##
#.÷....'..))#
#)#....#..))#


You could see a phantasmal warrior (wandering), a guardian mummy, an ice devil
and 5 dream sheep.

Vanquished Creatures
  An unseen horror (D)
  A deep elf pyromancer (D)
  2 dream sheep (D)
  A wolf (D)
  A phantom (D)
  A scorpion (D)
  3 wights (D)
  A crimson imp (D)
  A worker ant (D)
  2 gnolls (D)
  2 river rats (D)
  A leopard gecko (D)
  6 jackals (D)
  A kobold (D)
  A ball python skeleton (D)
  A frilled lizard (D)
  A rat (D)
27 creatures vanquished.

Vanquished Creatures (collateral kills)
  A hellwing (D)
  A wolf (D)
  A hell rat (D)
  2 jackals (D)
5 creatures vanquished.

Vanquished Creatures (others)
  A giant cockroach zombie (D)
1 creature vanquished.

Grand Total: 33 creatures vanquished

Notes
Turn   | Place    | Note
-------+----------+-------------------------------------------
     0 | D        | mhtbhm the Gargoyle Fighter began the quest for the Orb.
     0 | D        | Reached XP level 1. HP: 14/14 MP: 1/1
     8 | D        | Noticed a worker ant
    13 | D        | Killed a worker ant
    14 | D        | Reached skill level 4 in Shields
    14 | D        | Reached XP level 2. HP: 20/20 MP: 2/2
    18 | D        | Found a bloodstained altar of Trog.
    18 | D        | Found a shimmering blue altar of Sif Muna.
    18 | D        | Found a viscous altar of Jiyva.
    18 | D        | Found a hazy altar of Hepliaklqana.
    18 | D        | Found an opulent altar of Gozag.
    19 | D        | Found a glowing golden altar of the Shining One.
    19 | D        | Found a glowing silver altar of Zin.
    19 | D        | Found a shimmering altar of Xom.
    19 | D        | Found an ornate altar of the Wu Jian Council.
    19 | D        | Found a sacrificial altar of Ru.
    19 | D        | Found a stormy altar of Qazlal.
    19 | D        | Found an iron altar of Okawaru.
    19 | D        | Found a sparkling altar of Nemelex Xobeh.
    19 | D        | Found a burning altar of Makhleb.
    19 | D        | Found a blossoming altar of Fedhas.
    19 | D        | Found a white marble altar of Elyvilon.
    19 | D        | Found a shadowy altar of Dithmenos.
    19 | D        | Found a snail-covered altar of Cheibriados.
    21 | D        | Found a radiant altar of Vehumet.
    21 | D        | Found a corrupted altar of Lugonu.
    23 | D        | Became a worshipper of Trog the Wrathful
    65 | D        | Reached skill level 5 in Fighting
    65 | D        | Reached XP level 3. HP: 23/26 MP: 3/3
    66 | D        | Reached skill level 5 in Shields
   106 | D        | Reached * piety under Trog
   113 | D        | Reached skill level 5 in Armour
   114 | D        | Reached ** piety under Trog
   128 | D        | Reached skill level 6 in Shields
   128 | D        | Reached XP level 4. HP: 23/32 MP: 4/4
   129 | D        | Reached *** piety under Trog
   130 | D        | Reached XP level 5. HP: 27/37 MP: 5/5
   138 | D        | Reached skill level 7 in Shields
   265 | D        | Noticed a phantom
   265 | D        | Noticed a wolf
   270 | D        | Reached **** piety under Trog
   271 | D        | Reached skill level 5 in Axes
   271 | D        | Reached skill level 8 in Shields
   271 | D        | Reached XP level 6. HP: 44/44 MP: 6/6
   279 | D        | Reached ***** piety under Trog
   280 | D        | Reached skill level 1 in Stealth
   280 | D        | Reached skill level 9 in Shields
   338 | D        | Reached XP level 7. HP: 48/48 MP: 7/7
   342 | D        | Noticed a hellwing
   394 | D        | Killed a hellwing
   395 | D        | Reached skill level 1 in Dodging
   395 | D        | Reached skill level 10 in Shields
   402 | D        | Received a gift from Trog
   443 | D        | Killed an unseen horror
   444 | D        | Reached skill level 11 in Shields
   444 | D        | Reached XP level 8. HP: 23/56 MP: 8/8
   700 | D        | Found a hide-covered altar of Uskayaw.
   700 | D        | Found an ancient bone altar of Kikubaaqudgha.
   700 | D        | Found a broken altar of Ashenzari.
   728 | D        | Noticed a deep elf pyromancer
   729 | D        | Noticed an ice devil
   729 | D        | Noticed a dream sheep
   729 | D        | Noticed a dream sheep
   731 | D        | Noticed a dream sheep
   732 | D        | Noticed a guardian mummy
   732 | D        | Noticed a dream sheep
   734 | D        | Noticed a dream sheep
   735 | D        | Noticed a dream sheep
   739 | D        | Killed a dream sheep
   739 | D        | Noticed a dream sheep
   740 | D        | Killed a deep elf pyromancer
   741 | D        | Reached skill level 10 in Armour
   741 | D        | Reached skill level 12 in Shields
   741 | D        | Reached XP level 9. HP: 18/61 MP: 9/9
   743 | D        | Noticed a phantasmal warrior
   743 | D        | Slain by an ice devil

Illustrated notes

Levels and vault maps discovered:
D:        pitsprint [storerooms_1, entrance_room_1, metal_vault_5, armoury_1,
          mini_pit_1, grid_room_1, main_hall_1, silver_pit, the_coven_1,
          the_vestibule_1, steel_vault_1, golden_pit, hallway_of_sentries,
          crystal_vault_1, iron_vault_2, final_vault]

Skill      XL: |  1  2  3  4  5  6  7  8 |
---------------+-------------------------+-----
Fighting       | 4 5 6 7 8 9 |  9.4
Axes           | 2 3 4 5 6 8 9 |  9.0
Armour         | 4 5 6 8 9 10 | 10.1
Shields        | 4 6 8 9 11 12 | 12.3
Stealth        | 1 2 |  2.0
Dodging        | 3 4 |  4.5

Action                   |  1- 3 |  4- 6 |  7- 9 || total
-------------------------+-------+-------+-------++-------
Melee: War axe           |     4 |       |    12 ||    16
       Hand axe          |    23 |    28 |    71 ||   122
Invok: Berserk           |     1 |     1 |     3 ||     5
       Brothers in Arms  |       |       |     1 ||     1
  Use: Potion            |       |     1 |     5 ||     6
Armor: Scale mail        |    12 |    13 |    63 ||    88
       Chain mail        |       |       |     5 ||     5
Dodge: Dodged            |    13 |     9 |    36 ||    58
Block: Kite shield       |    22 |    20 |    67 ||   109

Table legend: (Time is in decaauts)
 A = Elapsed time spent in this place.
 B = Non-inter-level travel time spent in this place.
 C = Inter-level travel time spent in this place.
 D = Time resting spent in this place.
 E = Time spent auto-exploring this place.
 F = Levels seen in this place.
 G = Mean time per level.
                   A        B        C        D        E       F      G
               +--------+--------+--------+--------+--------+-----+--------+
         Total |    794 |    794 |      0 |    277 |    105 |   1 |  794.0 |
       Dungeon |    794 |    794 |      0 |    277 |    105 |   1 |  794.0 |
               +--------+--------+--------+--------+--------+-----+--------+

Top non-repeatable levels by time:
       D: 794 daAuts
